[ AOE2 MATCH · #462206032 ]
UnrankedPersians vs Bohemians
[ REPLAY ANALYSIS · EXTRACTED FROM THE RECORDED GAME ]
Feudal
12:05
Castle
25:36
Imperial
64:18
| APM avg | 32.6 |
| APM peak | 119 |
| eAPM avg | 20.0 |
| Villagers / military | 84 / 573 |
Focus
⚔️ 60.9% · 🌾 39.1%
Archer ×219 · Spearman ×184 · Skirmisher ×148 · Knight ×11 · Trade Cart ×7 · War Elephant ×6
Feudal
11:26
Castle
42:30
Imperial
54:16
| APM avg | 26.6 |
| APM peak | 81 |
| eAPM avg | 18.0 |
| Villagers / military | 98 / 758 |
Focus
⚔️ 67.9% · 🌾 32.1%
Hand Cannoneer ×376 · Spearman ×357 · Trade Cart ×21 · Bombard Cannon ×20 · Militia ×4 · Monk ×1
Feudal
12:23
Castle
26:26
Imperial
46:31
| APM avg | 19.5 |
| APM peak | 91 |
| eAPM avg | 16.5 |
| Villagers / military | 108 / 914 |
Focus
⚔️ 71.4% · 🌾 28.6%
Spearman ×400 · Camel Scout ×342 · Skirmisher ×125 · Trade Cart ×40 · Trebuchet (Packed) ×17 · Battering Ram ×13
Feudal
13:05
Castle
19:26
Imperial
53:19
| APM avg | 11.0 |
| APM peak | 42 |
| eAPM avg | 10.2 |
| Villagers / military | 190 / 210 |
Focus
⚔️ 29.3% · 🌾 70.7%
War Elephant ×196 · Knight ×14
Match map
Initial resources + every placement click. Lines = walls · curves = elevation contours. ◆ gold · ⬟ stone · ● berries · ✦ relic · ◌ wall gap
Your base· Open — unwalled flank
DUREX's base· Open — unwalled flank
chingon's base· Open — unwalled flank
MrAlwaysWins's base· Open — unwalled flank
Smoothed initial terrain · ◌ = detected wall gap · hover for details
Inputs per minute
— leehunt85 - - DUREX
Build order — leehunt85
First 150 of 827 actions detected
| 0:05 | Build | House |
| 0:15 | Create | Villager (Male) |
| 0:15 | Create | Villager (Male) |
| 0:15 | Create | Villager (Male) |
| 0:15 | Create | Villager (Male) |
| 0:16 | Create | Villager (Male) |
| 0:41 | Build | House |
| 0:45 | Build | House |
| 1:37 | Build | House |
| 1:51 | Create | Villager (Male) |
| 2:07 | Build | House |
| 2:10 | Create | Villager (Male) |
| 2:26 | Build | House |
| 2:36 | Create | Villager (Male) |
| 2:45 | Build | Mill |
| 2:57 | Create | Villager (Male) |
| 3:19 | Create | Villager (Male) |
| 3:47 | Create | Villager (Male) |
| 4:00 | Create | Villager (Male) |
| 4:11 | Create | Villager (Male) |
| 4:38 | Create | Villager (Male) |
| 4:45 | Create | Villager (Male) |
| 5:14 | Create | Villager (Male) |
| 5:28 | Create | Villager (Male) |
| 5:46 | Create | Villager (Male) |
| 6:07 | Build | Lumber Camp |
| 6:26 | Create | Villager (Male) |
| 6:26 | Create | Villager (Male) |
| 7:16 | Create | Villager (Male) |
| 7:31 | Build | Mining Camp |
| 10:01 | Research | Feudal Age |
| 10:12 | Build | House |
| 10:18 | Build | House |
| 10:24 | Build | Barracks |
| 10:41 | Create | Villager (Male) |
| 10:41 | Create | Villager (Male) |
| 10:43 | Create | Villager (Male) |
| 10:43 | Create | Villager (Male) |
| 10:44 | Create | Villager (Male) |
| 10:45 | Create | Villager (Male) |
| 10:47 | Create | Villager (Male) |
| 11:33 | Create | Villager (Male) |
| 12:05 | Age | Feudal Age |
| 12:09 | Build | House |
| 12:14 | Build | House |
| 12:25 | Build | Blacksmith |
| 12:30 | Build | Market |
| 12:40 | Create | Villager (Male) |
| 13:04 | Build | House |
| 13:17 | Build | House |
| 13:31 | Create | Spearman |
| 13:31 | Create | Spearman |
| 13:34 | Create | Spearman |
| 14:57 | Create | Spearman |
| 14:57 | Create | Spearman |
| 15:40 | Build | Archery Range |
| 15:45 | Build | Stable |
| 16:33 | Build | Farm |
| 16:40 | Build | Farm |
| 16:57 | Create | Scout Cavalry |
| 16:59 | Research | Bloodlines |
| 17:00 | Create | Scout Cavalry |
| 17:47 | Build | Farm |
| 18:00 | Build | Farm |
| 18:03 | Build | Farm |
| 18:07 | Build | Farm |
| 18:12 | Build | Farm |
| 18:17 | Build | Farm |
| 18:40 | Build | Farm |
| 18:49 | Create | Villager (Male) |
| 18:49 | Create | Villager (Male) |
| 19:05 | Create | Spearman |
| 19:05 | Create | Spearman |
| 19:08 | Research | Horse Collar |
| 19:23 | Build | Farm |
| 23:10 | Research | Castle Age |
| 25:36 | Age | Castle Age |
| 25:40 | Create | Knight |
| 25:40 | Create | Knight |
| 26:25 | Create | Knight |
| 26:26 | Create | Knight |
| 28:08 | Build | Castle |
| 28:29 | Create | Villager (Male) |
| 28:29 | Create | Villager (Male) |
| 28:29 | Create | Villager (Male) |
| 28:30 | Create | Villager (Male) |
| 28:30 | Create | Villager (Male) |
| 28:30 | Create | Villager (Male) |
| 28:50 | Research | Padded Archer Armor |
| 28:51 | Research | Fletching |
| 28:54 | Research | Crossbowman (upgrade) |
| 29:08 | Research | Elite Skirmisher (upgrade) |
| 29:10 | Create | Skirmisher |
| 29:11 | Create | Skirmisher |
| 29:11 | Create | Skirmisher |
| 29:11 | Create | Skirmisher |
| 29:12 | Create | Skirmisher |
| 29:12 | Create | Skirmisher |
| 29:25 | Create | Villager (Male) |
| 29:25 | Create | Villager (Male) |
| 29:25 | Create | Villager (Male) |
| 29:57 | Build | Archery Range |
| 30:08 | Research | Town Watch |
| 30:18 | Build | Monastery |
| 30:23 | Build | University |
| 30:32 | Research | Double-Bit Axe |
| 31:08 | Build | Town Center |
| 31:37 | Create | Skirmisher |
| 31:37 | Create | Skirmisher |
| 31:37 | Create | Skirmisher |
| 31:38 | Create | Skirmisher |
| 31:57 | Create | War Elephant |
| 32:09 | Create | Villager (Male) |
| 32:21 | Build | Farm |
| 32:26 | Build | Farm |
| 32:33 | Build | Farm |
| 33:08 | Create | War Elephant |
| 33:20 | Create | Skirmisher |
| 33:45 | Create | Villager (Male) |
| 33:46 | Create | Villager (Male) |
| 35:02 | Research | Murder Holes |
| 35:07 | Create | War Elephant |
| 36:27 | Create | War Elephant |
| 37:09 | Research | Pikeman (upgrade) |
| 37:10 | Research | Squires |
| 37:58 | Create | War Elephant |
| 38:15 | Research | Kamandaran |
| 38:30 | Build | Archery Range |
| 38:39 | Build | Archery Range |
| 38:53 | Build | Mill |
| 39:02 | Build | Farm |
| 39:10 | Build | Farm |
| 39:15 | Build | Farm |
| 39:21 | Build | Farm |
| 39:27 | Build | Farm |
| 39:37 | Create | Villager (Male) |
| 39:37 | Create | Villager (Male) |
| 39:37 | Create | Villager (Male) |
| 39:38 | Research | Wheelbarrow |
| 40:09 | Create | Archer |
| 40:09 | Create | Archer |
| 40:09 | Create | Archer |
| 40:10 | Create | Archer |
| 40:10 | Create | Archer |
| 40:10 | Create | Archer |
| 40:10 | Create | Archer |
| 40:10 | Create | Archer |
| 40:11 | Create | Archer |
| 40:11 | Create | Archer |
| 40:18 | Create | War Elephant |
Build order — DUREX
First 150 of 1074 actions detected
| 0:08 | Build | House |
| 0:11 | Build | House |
| 0:17 | Create | Villager (Male) |
| 0:17 | Create | Villager (Male) |
| 0:17 | Create | Villager (Male) |
| 0:18 | Create | Villager (Male) |
| 0:18 | Create | Villager (Male) |
| 0:18 | Create | Villager (Male) |
| 0:19 | Research | Loom |
| 2:23 | Create | Villager (Male) |
| 2:23 | Create | Villager (Male) |
| 2:24 | Create | Villager (Male) |
| 2:24 | Create | Villager (Male) |
| 2:25 | Create | Villager (Male) |
| 2:26 | Create | Villager (Male) |
| 2:26 | Create | Villager (Male) |
| 2:26 | Create | Villager (Male) |
| 2:26 | Create | Villager (Male) |
| 3:14 | Create | Villager (Male) |
| 3:14 | Create | Villager (Male) |
| 3:15 | Create | Villager (Male) |
| 3:15 | Create | Villager (Male) |
| 3:29 | Create | Villager (Male) |
| 3:30 | Create | Villager (Male) |
| 3:34 | Create | Villager (Male) |
| 3:34 | Create | Villager (Male) |
| 3:51 | Build | Mill |
| 4:16 | Create | Villager (Male) |
| 4:29 | Create | Villager (Male) |
| 4:38 | Build | House |
| 4:40 | Build | House |
| 5:03 | Create | Villager (Male) |
| 5:15 | Create | Villager (Male) |
| 5:46 | Create | Villager (Male) |
| 5:59 | Build | Lumber Camp |
| 7:11 | Create | Villager (Male) |
| 7:47 | Build | Lumber Camp |
| 8:53 | Build | Mining Camp |
| 9:16 | Research | Feudal Age |
| 9:16 | Research | Feudal Age |
| 10:23 | Create | Villager (Male) |
| 11:26 | Age | Feudal Age |
| 11:35 | Create | Villager (Male) |
| 11:38 | Research | Double-Bit Axe |
| 11:45 | Create | Villager (Male) |
| 11:52 | Build | Farm |
| 11:54 | Build | Farm |
| 11:55 | Build | Farm |
| 11:57 | Build | Farm |
| 12:00 | Build | Farm |
| 12:04 | Research | Horse Collar |
| 12:07 | Create | Villager (Male) |
| 12:13 | Build | Farm |
| 12:23 | Build | Farm |
| 12:51 | Build | House |
| 12:53 | Build | House |
| 12:57 | Build | House |
| 12:59 | Build | House |
| 13:02 | Create | Villager (Male) |
| 13:17 | Create | Villager (Male) |
| 13:19 | Create | Villager (Male) |
| 15:24 | Create | Villager (Male) |
| 15:26 | Create | Villager (Male) |
| 16:06 | Build | Barracks |
| 16:27 | Research | Man-at-Arms (upgrade) |
| 16:35 | Build | Barracks |
| 17:44 | Create | Militia |
| 17:45 | Create | Militia |
| 19:43 | Build | Town Center |
| 21:35 | Build | Farm |
| 21:38 | Build | Farm |
| 21:39 | Build | Farm |
| 21:41 | Build | Farm |
| 21:53 | Build | Farm |
| 21:55 | Build | Farm |
| 21:58 | Build | Farm |
| 22:00 | Build | Farm |
| 22:40 | Build | Farm |
| 22:44 | Create | Villager (Male) |
| 22:45 | Create | Villager (Male) |
| 23:09 | Build | House |
| 23:12 | Build | House |
| 23:14 | Build | House |
| 23:17 | Build | House |
| 23:25 | Research | Wheelbarrow |
| 23:58 | Create | Militia |
| 23:59 | Create | Militia |
| 29:11 | Build | Town Center |
| 29:16 | Build | House |
| 29:18 | Build | House |
| 29:19 | Build | House |
| 29:20 | Build | House |
| 29:21 | Build | House |
| 29:48 | Build | Lumber Camp |
| 30:27 | Build | Farm |
| 30:31 | Build | Farm |
| 30:41 | Build | Farm |
| 30:43 | Create | Villager (Male) |
| 30:43 | Create | Villager (Male) |
| 30:43 | Create | Villager (Male) |
| 30:44 | Create | Villager (Male) |
| 30:52 | Build | House |
| 30:58 | Build | House |
| 31:02 | Create | Villager (Male) |
| 31:02 | Create | Villager (Male) |
| 31:13 | Build | Farm |
| 31:14 | Build | Farm |
| 31:16 | Build | Farm |
| 31:32 | Build | Farm |
| 31:34 | Build | Farm |
| 31:40 | Build | Farm |
| 32:00 | Build | Mining Camp |
| 32:32 | Create | Villager (Male) |
| 32:33 | Create | Villager (Male) |
| 32:55 | Build | Farm |
| 33:00 | Create | Villager (Male) |
| 33:00 | Create | Villager (Male) |
| 33:20 | Build | Farm |
| 33:44 | Build | Barracks |
| 33:46 | Build | Barracks |
| 34:09 | Build | Farm |
| 34:36 | Build | Farm |
| 34:49 | Create | Villager (Male) |
| 34:49 | Create | Villager (Male) |
| 35:06 | Build | Farm |
| 35:27 | Build | Mill |
| 35:42 | Create | Villager (Male) |
| 35:57 | Build | Blacksmith |
| 36:01 | Research | Arson |
| 36:15 | Build | Farm |
| 36:21 | Build | Farm |
| 36:24 | Create | Villager (Male) |
| 36:24 | Create | Villager (Male) |
| 36:29 | Create | Spearman |
| 36:29 | Create | Spearman |
| 36:29 | Create | Spearman |
| 36:30 | Create | Spearman |
| 36:33 | Create | Spearman |
| 36:34 | Create | Spearman |
| 36:40 | Build | House |
| 36:43 | Build | House |
| 36:46 | Build | House |
| 36:55 | Build | Farm |
| 37:22 | Build | Archery Range |
| 37:45 | Create | Spearman |
| 37:46 | Create | Spearman |
| 37:48 | Create | Spearman |
| 37:49 | Create | Spearman |
| 38:10 | Create | Villager (Male) |
| 38:11 | Create | Villager (Male) |
Build order — chingon
First 150 of 1245 actions detected
| 0:07 | Create | Villager (Male) |
| 0:07 | Create | Villager (Male) |
| 0:08 | Create | Villager (Male) |
| 0:08 | Create | Villager (Male) |
| 0:08 | Create | Villager (Male) |
| 0:08 | Create | Villager (Male) |
| 0:19 | Build | House |
| 0:52 | Build | House |
| 0:58 | Build | House |
| 1:03 | Build | House |
| 2:02 | Create | Villager (Male) |
| 2:03 | Create | Villager (Male) |
| 2:03 | Create | Villager (Male) |
| 2:32 | Create | Villager (Male) |
| 2:32 | Create | Villager (Male) |
| 2:52 | Create | Villager (Male) |
| 3:24 | Create | Villager (Male) |
| 3:33 | Create | Villager (Male) |
| 4:09 | Create | Villager (Male) |
| 4:27 | Create | Villager (Male) |
| 4:27 | Create | Villager (Male) |
| 4:55 | Create | Villager (Male) |
| 5:40 | Create | Villager (Male) |
| 5:40 | Create | Villager (Male) |
| 5:55 | Create | Villager (Male) |
| 5:55 | Create | Villager (Male) |
| 5:56 | Create | Villager (Male) |
| 6:15 | Build | Mill |
| 7:06 | Create | Villager (Male) |
| 7:06 | Create | Villager (Male) |
| 7:06 | Create | Villager (Male) |
| 7:07 | Create | Villager (Male) |
| 7:48 | Create | Villager (Male) |
| 8:53 | Create | Villager (Male) |
| 8:56 | Create | Villager (Male) |
| 9:16 | Build | Lumber Camp |
| 9:37 | Build | Mining Camp |
| 9:45 | Create | Villager (Male) |
| 10:13 | Research | Feudal Age |
| 10:35 | Research | Loom |
| 10:54 | Create | Villager (Male) |
| 10:54 | Create | Villager (Male) |
| 11:07 | Build | Barracks |
| 12:23 | Age | Feudal Age |
| 12:30 | Research | Double-Bit Axe |
| 12:36 | Build | House |
| 12:38 | Build | House |
| 12:47 | Research | Horse Collar |
| 12:50 | Create | Villager (Male) |
| 12:51 | Create | Villager (Male) |
| 13:33 | Research | Gold Mining |
| 13:35 | Research | Stone Mining |
| 13:47 | Build | Stable |
| 14:05 | Create | Villager (Male) |
| 14:06 | Create | Villager (Male) |
| 14:06 | Create | Villager (Male) |
| 14:06 | Create | Villager (Male) |
| 14:07 | Create | Villager (Male) |
| 14:10 | Create | Villager (Male) |
| 14:32 | Build | Lumber Camp |
| 14:50 | Build | Farm |
| 15:07 | Build | Farm |
| 15:28 | Build | Farm |
| 15:39 | Build | Farm |
| 15:50 | Build | Farm |
| 15:52 | Build | Farm |
| 16:19 | Build | Farm |
| 16:21 | Build | Farm |
| 16:24 | Build | Farm |
| 16:30 | Build | House |
| 16:41 | Build | Mining Camp |
| 16:50 | Create | Villager (Male) |
| 16:50 | Create | Villager (Male) |
| 17:09 | Build | House |
| 17:20 | Create | Villager (Male) |
| 17:22 | Create | Villager (Male) |
| 17:26 | Create | Villager (Male) |
| 17:38 | Build | Farm |
| 17:40 | Build | Farm |
| 17:42 | Build | Farm |
| 17:46 | Build | Farm |
| 18:03 | Build | Archery Range |
| 18:38 | Create | Villager (Male) |
| 18:46 | Research | Bloodlines |
| 18:49 | Research | Arson |
| 19:15 | Create | Villager (Male) |
| 19:15 | Create | Villager (Male) |
| 19:15 | Create | Villager (Male) |
| 19:16 | Create | Villager (Male) |
| 19:34 | Build | Farm |
| 19:37 | Build | Farm |
| 19:43 | Build | Farm |
| 19:46 | Build | Farm |
| 19:48 | Build | Farm |
| 19:55 | Create | Villager (Male) |
| 19:56 | Create | Villager (Male) |
| 20:03 | Create | Archer |
| 20:03 | Create | Archer |
| 20:03 | Create | Archer |
| 20:03 | Create | Archer |
| 20:04 | Create | Archer |
| 20:36 | Create | Archer |
| 20:51 | Build | House |
| 20:52 | Build | House |
| 20:54 | Build | House |
| 20:55 | Build | House |
| 21:28 | Build | Blacksmith |
| 21:33 | Create | Villager (Male) |
| 21:34 | Create | Villager (Male) |
| 22:00 | Create | Spearman |
| 22:00 | Create | Spearman |
| 22:01 | Create | Spearman |
| 22:01 | Create | Spearman |
| 22:03 | Create | Spearman |
| 22:18 | Build | Farm |
| 22:44 | Create | Villager (Male) |
| 22:45 | Create | Villager (Male) |
| 23:06 | Build | Farm |
| 23:46 | Research | Castle Age |
| 23:59 | Create | Archer |
| 24:00 | Create | Archer |
| 24:00 | Create | Archer |
| 24:00 | Create | Archer |
| 24:01 | Create | Archer |
| 24:01 | Create | Archer |
| 24:08 | Create | Spearman |
| 24:09 | Create | Spearman |
| 24:09 | Create | Spearman |
| 24:09 | Create | Spearman |
| 24:10 | Create | Spearman |
| 24:10 | Create | Spearman |
| 24:10 | Create | Spearman |
| 24:33 | Build | Market |
| 24:40 | Build | Market |
| 24:59 | Research | Forging |
| 25:02 | Research | Scale Barding Armor |
| 25:20 | Build | House |
| 25:22 | Build | House |
| 25:41 | Research | Fletching |
| 25:43 | Research | Padded Archer Armor |
| 26:26 | Age | Castle Age |
| 26:53 | Research | Husbandry |
| 26:56 | Create | Villager (Male) |
| 26:57 | Create | Villager (Male) |
| 26:57 | Create | Villager (Male) |
| 26:57 | Create | Villager (Male) |
| 26:58 | Create | Villager (Male) |
| 26:58 | Create | Villager (Male) |
| 27:17 | Build | Town Center |
| 27:53 | Build | Farm |
Build order — MrAlwaysWins
First 150 of 624 actions detected
| 0:03 | Create | Villager (Male) |
| 0:03 | Create | Villager (Male) |
| 0:03 | Create | Villager (Male) |
| 0:04 | Create | Villager (Male) |
| 0:04 | Create | Villager (Male) |
| 0:04 | Create | Villager (Male) |
| 0:10 | Build | House |
| 0:12 | Build | House |
| 0:14 | Build | House |
| 0:17 | Build | House |
| 2:03 | Create | Villager (Male) |
| 2:25 | Build | Lumber Camp |
| 3:05 | Create | Villager (Male) |
| 3:05 | Create | Villager (Male) |
| 3:05 | Create | Villager (Male) |
| 3:45 | Create | Villager (Male) |
| 3:46 | Create | Villager (Male) |
| 3:46 | Create | Villager (Male) |
| 3:53 | Create | Villager (Male) |
| 4:54 | Build | Mining Camp |
| 5:01 | Create | Villager (Male) |
| 5:01 | Create | Villager (Male) |
| 5:01 | Create | Villager (Male) |
| 5:21 | Create | Villager (Male) |
| 5:21 | Create | Villager (Male) |
| 5:21 | Create | Villager (Male) |
| 6:34 | Research | Loom |
| 7:07 | Create | Villager (Male) |
| 7:07 | Create | Villager (Male) |
| 7:07 | Create | Villager (Male) |
| 7:08 | Create | Villager (Male) |
| 7:08 | Create | Villager (Male) |
| 7:08 | Create | Villager (Male) |
| 7:43 | Build | Mill |
| 9:30 | Build | Mill |
| 11:01 | Research | Feudal Age |
| 11:01 | Research | Feudal Age |
| 13:05 | Age | Feudal Age |
| 14:17 | Build | Town Center |
| 15:48 | Build | Blacksmith |
| 16:16 | Build | Market |
| 17:00 | Research | Castle Age |
| 17:34 | Research | Fletching |
| 17:54 | Research | Double-Bit Axe |
| 19:26 | Age | Castle Age |
| 20:01 | Build | Mining Camp |
| 20:10 | Research | Stone Mining |
| 21:17 | Create | Villager (Male) |
| 23:57 | Build | Castle |
| 24:19 | Build | Castle |
| 29:35 | Build | Castle |
| 30:36 | Build | Farm |
| 30:36 | Build | Farm |
| 30:36 | Build | Farm |
| 30:37 | Build | Farm |
| 30:37 | Build | Farm |
| 30:37 | Build | Farm |
| 30:37 | Build | Farm |
| 30:38 | Build | Farm |
| 30:38 | Build | Farm |
| 32:51 | Build | Farm |
| 32:51 | Build | Farm |
| 32:52 | Build | Farm |
| 32:52 | Build | Farm |
| 32:52 | Build | Farm |
| 32:53 | Build | Farm |
| 32:53 | Build | Farm |
| 32:53 | Build | Farm |
| 32:53 | Build | Farm |
| 33:02 | Create | Villager (Male) |
| 33:02 | Create | Villager (Male) |
| 33:02 | Create | Villager (Male) |
| 33:03 | Create | Villager (Male) |
| 33:07 | Create | Villager (Male) |
| 33:54 | Research | Horse Collar |
| 34:17 | Research | Bow Saw |
| 34:49 | Research | Heavy Plow |
| 35:15 | Create | Villager (Male) |
| 35:19 | Create | Villager (Male) |
| 35:51 | Build | Town Center |
| 36:09 | Research | Gold Mining |
| 36:21 | Create | Villager (Male) |
| 36:22 | Create | Villager (Male) |
| 36:22 | Create | Villager (Male) |
| 36:22 | Create | Villager (Male) |
| 36:47 | Create | Villager (Male) |
| 36:47 | Create | Villager (Male) |
| 37:20 | Create | Villager (Male) |
| 37:20 | Create | Villager (Male) |
| 37:49 | Build | Town Center |
| 37:57 | Create | Villager (Male) |
| 37:57 | Create | Villager (Male) |
| 38:10 | Research | Wheelbarrow |
| 39:12 | Build | Town Center |
| 39:27 | Create | Villager (Male) |
| 39:28 | Create | Villager (Male) |
| 39:33 | Create | Villager (Male) |
| 39:33 | Create | Villager (Male) |
| 39:55 | Create | Villager (Male) |
| 39:56 | Create | Villager (Male) |
| 40:19 | Create | Villager (Male) |
| 40:19 | Create | Villager (Male) |
| 40:57 | Build | Farm |
| 40:57 | Build | Farm |
| 40:57 | Build | Farm |
| 40:58 | Build | Farm |
| 40:58 | Build | Farm |
| 40:58 | Build | Farm |
| 40:58 | Build | Farm |
| 40:59 | Build | Farm |
| 40:59 | Build | Farm |
| 40:59 | Build | Farm |
| 40:59 | Build | Farm |
| 41:00 | Build | Farm |
| 41:00 | Build | Farm |
| 41:00 | Build | Farm |
| 41:09 | Create | Villager (Male) |
| 41:10 | Create | Villager (Male) |
| 41:10 | Create | Villager (Male) |
| 41:10 | Create | Villager (Male) |
| 41:11 | Create | Villager (Male) |
| 41:11 | Create | Villager (Male) |
| 41:21 | Create | Villager (Male) |
| 41:21 | Create | Villager (Male) |
| 41:21 | Create | Villager (Male) |
| 41:21 | Create | Villager (Male) |
| 41:22 | Create | Villager (Male) |
| 42:00 | Create | Villager (Male) |
| 42:00 | Create | Villager (Male) |
| 42:00 | Create | Villager (Male) |
| 42:00 | Create | Villager (Male) |
| 42:11 | Create | Villager (Male) |
| 42:11 | Create | Villager (Male) |
| 42:12 | Create | Villager (Male) |
| 42:25 | Build | Farm |
| 42:49 | Build | Farm |
| 42:49 | Build | Farm |
| 42:50 | Build | Farm |
| 42:50 | Build | Farm |
| 42:50 | Build | Farm |
| 42:50 | Build | Farm |
| 42:51 | Build | Farm |
| 42:51 | Build | Farm |
| 42:51 | Build | Farm |
| 42:51 | Build | Farm |
| 42:52 | Build | Farm |
| 42:52 | Build | Farm |
| 42:52 | Build | Farm |
| 43:04 | Create | Villager (Male) |
| 43:05 | Create | Villager (Male) |
Match timeline
| 10:24 | leehunt85 · first_building Barracks |
| 11:07 | chingon · first_building Barracks |
| 11:26 | DUREX · age_up feudal |
| 12:05 | leehunt85 · age_up feudal |
| 12:23 | chingon · age_up feudal |
| 13:05 | MrAlwaysWins · age_up feudal |
| 13:47 | chingon · first_building Stable |
| 15:40 | leehunt85 · first_building Archery Range |
| 15:45 | leehunt85 · first_building Stable |
| 16:06 | DUREX · first_building Barracks |
| 18:03 | chingon · first_building Archery Range |
| 19:26 | MrAlwaysWins · age_up castle |
| 23:57 | MrAlwaysWins · first_building Castle |
| 25:36 | leehunt85 · age_up castle |
| 26:26 | chingon · age_up castle |
| 28:08 | leehunt85 · first_building Castle |
| 30:18 | leehunt85 · first_building Monastery |
| 30:18 | chingon · first_building Castle |
| 30:29 | chingon · first_building Siege Workshop |
| 37:06 | chingon · first_market_sell 100 food |
| 37:22 | DUREX · first_building Archery Range |
| 38:07 | leehunt85 · first_market_buy 100 food |
| 42:30 | DUREX · age_up castle |
| 46:31 | chingon · age_up imperial |
| 49:00 | DUREX · first_building Monastery |
| 50:44 | DUREX · first_building Castle |
| 53:19 | MrAlwaysWins · age_up imperial |
| 53:20 | MrAlwaysWins · first_building Barracks |
| 54:16 | DUREX · age_up imperial |
| 54:37 | MrAlwaysWins · first_building Stable |
| 55:10 | MrAlwaysWins · tribute_sent a jugador 1 |
| 55:10 | MrAlwaysWins · tribute_sent a jugador 2 |
| 55:10 | MrAlwaysWins · tribute_sent a jugador 3 |
| 57:31 | MrAlwaysWins · first_market_sell 100 wood |
| 58:07 | DUREX · tribute_sent a jugador 2 |
| 58:07 | DUREX · tribute_sent a jugador 3 |
| 58:07 | DUREX · tribute_sent a jugador 4 |
| 59:13 | DUREX · first_building Siege Workshop |
| 60:35 | DUREX · first_market_sell 100 food |
| 64:18 | leehunt85 · age_up imperial |
| 71:23 | DUREX · tribute_sent a jugador 2 |
| 71:23 | DUREX · tribute_sent a jugador 3 |
| 71:23 | DUREX · tribute_sent a jugador 4 |
| 76:27 | chingon · tribute_sent a jugador 1 |
| 76:27 | chingon · tribute_sent a jugador 2 |
| 76:27 | chingon · tribute_sent a jugador 4 |
| 76:28 | DUREX · tribute_sent a jugador 2 |
| 76:28 | DUREX · tribute_sent a jugador 3 |
| 76:28 | DUREX · tribute_sent a jugador 4 |
| 81:30 | MrAlwaysWins · tribute_sent a jugador 1 |
| 81:30 | MrAlwaysWins · tribute_sent a jugador 2 |
| 81:30 | MrAlwaysWins · tribute_sent a jugador 3 |
| 83:58 | DUREX · tribute_sent a jugador 2 |
| 83:58 | DUREX · tribute_sent a jugador 3 |
| 83:58 | DUREX · tribute_sent a jugador 4 |
| 85:21 | DUREX · tribute_sent a jugador 2 |
| 85:21 | DUREX · tribute_sent a jugador 3 |
| 85:21 | DUREX · tribute_sent a jugador 4 |
| 85:22 | chingon · tribute_sent a jugador 1 |
| 85:22 | chingon · tribute_sent a jugador 2 |
| 85:22 | chingon · tribute_sent a jugador 4 |
| 87:52 | leehunt85 · tribute_sent a jugador 1 |
| 87:52 | leehunt85 · tribute_sent a jugador 3 |
| 87:52 | leehunt85 · tribute_sent a jugador 4 |
| 89:41 | DUREX · first_market_buy 100 food |
| 91:20 | leehunt85 · tribute_sent a jugador 1 |
| 91:20 | leehunt85 · tribute_sent a jugador 3 |
| 91:20 | leehunt85 · tribute_sent a jugador 4 |
| 95:31 | MrAlwaysWins · resign |
[ AI ANALYSIS · 1 CREDIT ]
What really happened in this match?
Wolo.gg analyzes every decision: build order, eco, micro, common mistakes by bracket. Personalized analysis on WhatsApp or Discord in 30 seconds.
Civ guide
Persians
Perfil
Jugador #17570971